Map: Catalyst LE

Players

Lambo - Winner!

  • Race: Zerg Zerg
  • League: Master
  • Spawn Location: 11:00

Clem

  • Race: Terran Terran
  • League: Grandmaster
  • Spawn Location: 5:00

Event: HomeStory Cup XVII

VOD

Have the link to the VOD?

Description

Time

  • Played on: June 28, 2018, 7:14 a.m.
  • Length: 14:36

All games in this series

Show
View Real Time Build Order
Export as new Build Order

Lambo Zerg - Winner!

Build Orders: Hatch First 

Get SALT Encoding   

  12  0:00  Drone  
  13  0:13  Overlord  
  13  0:17  Drone  
  14  0:31  Drone x2  
  16  0:48  Hatchery  
  15  0:52  Drone  
  15  0:55  Drone  
  17  1:09  Spawning Pool  
  16  1:12  Extractor  
  16  1:14  Drone  
  16  1:18  Drone  
  17  1:21  Drone  
  18  1:29  Drone  
  19  1:42  Drone  
  20  1:51  Drone  
  21  1:59  Queen x2  
  25  2:02  Overlord  
  25  2:03  Zergling x2  
  26  2:14  Metabolic Boost, Zergling x2  
  26  2:15  Drone  
  29  2:22  Drone  
  29  2:23  Drone  
  30  2:33  Spore Crawler  
  30  2:34  Drone  
  31  2:46  Drone  
  31  2:51  Drone  
  33  2:52  Queen  
  35  3:03  Drone  
  36  3:05  Hatchery  
  36  3:06  Overlord x2  
  35  3:19  Drone  
  36  3:24  Drone x5  
  41  3:27  Drone  
  41  3:30  Queen  
  41  3:33  Queen  
  46  3:36  Overlord  
  46  3:38  Drone  
  47  3:44  Zergling x6  
  47  3:47  Zergling x2  
  51  3:49  Drone  
  54  3:55  Drone x3  
  54  4:00  Drone  
  56  4:03  Baneling Nest  
  56  4:04  Drone  
  56  4:09  Overlord  
  56  4:11  Lair  
  56  4:12  Queen  
  56  4:14  Zergling x2  
  56  4:16  Overlord  
  59  4:23  Overlord  
  59  4:27  Drone  
  59  4:28  Drone  
  59  4:29  Drone x4  
  65  4:33  Drone  
  65  4:38  Drone  
  67  4:39  Queen  
  67  4:40  Drone x2  
  67  4:43  Drone x2  
  67  4:45  Drone x2  
  75  4:52  Drone x4, Extractor  
  78  4:53  Extractor  
  78  4:55  Overlord  
  78  4:59  Drone, Evolution Chamber  
  77  5:00  Evolution Chamber  
  77  5:01  Drone  
  77  5:05  Drone  
  77  5:06  Drone x3  
  81  5:11  Drone  
  81  5:13  Drone  
  83  5:17  Overseer  
  83  5:18  Overlord  
  83  5:19  Drone x3  
  83  5:21  Drone x4  
  88  5:25  Overseer, Extractor x2  
  88  5:27  Overlord  
  88  5:32  Overlord  
  88  5:34  Drone x2  
  90  5:40  Zerg Melee Weapons Level 1  
  90  5:43  Zerg Ground Armor Level 1  
  90  5:46  Hatchery  
  89  5:52  Overlord, Hydralisk Den  
  89  5:55  Drone x4  
  92  6:01  Drone  
  92  6:03  Zergling x10  
  98  6:08  Zergling x4  
  100  6:14  Zergling x2  
  101  6:21  Zergling x4  
  101  6:22  Baneling x2  
  101  6:23  Baneling x7  
  103  6:26  Drone x2  
  103  6:27  Grooved Spines  
  103  6:29  Overlord  
  103  6:30  Overlord  
  105  6:33  Zergling x10  
  105  6:34  Baneling x6  
  109  6:44  Zergling x8  
  109  6:45  Zergling x4  
  104  6:52  Zergling x4  
  104  6:57  Drone x4  
  104  6:58  Queen  
  104  7:00  Extractor  
  110  7:01  Drone x4  
  110  7:02  Extractor  
  110  7:03  Hydralisk  
  110  7:05  Baneling x7  
  110  7:06  Infestation Pit  
  110  7:07  Centrifical Hooks  
  113  7:09  Zergling x10  
  113  7:13  Hydralisk  
  120  7:15  Drone  
  120  7:22  Drone x2  
  120  7:26  Overlord  
  120  7:27  Overlord  
  120  7:29  Hydralisk x2  
  127  7:32  Hatchery  
  127  7:34  Hydralisk  
  127  7:38  Muscular Augments  
  127  7:44  Zerg Ground Armor Level 2  
  127  7:45  Overlord  
  127  7:50  Overlord  
  127  7:52  Hive  
  127  7:59  Overlord, Zergling x30  
  127  8:03  Zergling x2  
  127  8:04  Zergling x2  
  127  8:05  Baneling x2  
  143  8:09  Overlord  
  143  8:10  Hydralisk x2  
  147  8:13  Hydralisk x2  
  147  8:14  Zergling x2  
  147  8:16  Baneling x3  
  147  8:17  Hydralisk  
  147  8:19  Overlord  
  153  8:21  Baneling x7  
  153  8:33  Zergling x2  
  153  8:34  Zergling x18  
  160  8:37  Zergling x2  
  160  8:38  Zergling x10  
  160  8:43  Hydralisk x2  
  164  8:50  Hydralisk x3  
  164  8:53  Overlord  
  170  8:56  Baneling x6  
  170  8:57  Overlord  
  170  8:58  Overlord  
  170  9:00  Baneling x7, Hatchery  
  170  9:02  Overlord  
  165  9:07  Hydralisk x6  
  165  9:08  Zergling x2  
  162  9:16  Viper  
  165  9:17  Zergling x18  
  165  9:21  Zergling x4  
  176  9:24  Queen  
  176  9:25  Zergling x6  
  176  9:28  Baneling x4  
  181  9:34  Zerg Missile Weapons Level 1  
  181  9:37  Viper  
  184  9:38  Zergling x2  
  184  9:39  Zergling x10  
  190  9:47  Zergling x10  
  191  9:54  Zergling x14  
  198  10:00  Overlord  
  198  10:03  Overlord  
  198  10:09  Overlord, Zerg Ground Armor Level 3, Hatchery  
  197  10:24  Extractor  
  197  10:26  Zergling x10  
  199  10:31  Hatchery  
  198  10:39  Overlord  
  198  10:44  Drone  
  198  10:46  Overlord  
  198  10:47  Spire  
  198  10:48  Ultralisk Cavern  
  198  10:49  Baneling x7  
  196  10:53  Baneling x3  
  196  10:56  Overseer  
  196  10:59  Zergling x6  
  196  11:00  Zergling x2  
  196  11:01  Baneling x7  
  189  11:13  Zergling x36  
  194  11:20  Zergling x10  
  194  11:25  Zergling x10  
  193  11:31  Hydralisk x2  
  184  11:35  Hydralisk x2  
  184  11:36  Zergling x2  
  170  11:40  Viper  
  170  11:46  Chitinous Plating  
  167  11:50  Ultralisk  
  167  11:51  Ultralisk x3  
  191  11:56  Zergling x14  
  198  12:04  Baneling x8  
  198  12:06  Zergling x2  
  199  12:09  Baneling x6  
  199  12:14  Overlord  
  199  12:15  Overlord  
  191  12:16  Overlord  
  191  12:17  Overlord  
  191  12:21  Baneling x11  
  190  12:26  Zergling x24  
  196  12:34  Zergling x16  
  197  12:39  Overlord  
  197  12:41  Overlord  
  197  12:43  Overlord  
  194  12:55  Zergling x16  
  188  13:02  Zergling x12  
  188  13:04  Hatchery  
  181  13:05  Hydralisk  
  181  13:10  Hydralisk x4  
  186  13:17  Hydralisk  
  186  13:18  Hydralisk x4  
  195  13:24  Zergling x6  
  176  13:28  Hydralisk x2  
  168  13:34  Zergling x6  
  168  13:40  Hydralisk x3  
  168  13:41  Zergling x2  
  167  13:42  Hydralisk  
  167  13:43  Zergling x2  
  167  13:45  Hydralisk  
  155  13:51  Baneling x13  
  155  13:55  Zergling x8  
  159  13:59  Zergling x4  
  159  14:00  Zergling x2  
  162  14:03  Zergling x2  
  162  14:04  Zergling x10  
  166  14:12  Zergling x14  
Show
View Real Time Build Order
Export as new Build Order

Clem Terran 

Build Orders: Hellion Opening, Bio Tank 

Get SALT Encoding   

  12  0:00  SCV  
  13  0:12  SCV  
  14  0:17  Supply Depot  
  14  0:25  SCV  
  15  0:30  Refinery  
  15  0:39  SCV  
  16  0:45  Barracks  
  16  0:51  SCV  
  17  1:03  SCV  
  18  1:15  SCV  
  19  1:32  Orbital Command, Reaper  
  20  1:44  Command Center  
  20  1:57  Factory  
  20  1:59  SCV  
  21  2:07  Supply Depot  
  21  2:10  Barracks Reactor  
  21  2:13  SCV  
  22  2:25  SCV  
  23  2:38  SCV  
  24  2:50  SCV  
  25  2:54  Starport  
  25  2:56  Engineering Bay  
  25  2:59  Orbital Command  
  25  3:00  Hellion x2  
  25  3:02  Barracks Tech Lab  
  25  3:03  SCV  
  28  3:08  Refinery  
  28  3:16  SCV  
  29  3:22  Hellion x2  
  29  3:24  SCV  
  34  3:28  Supply Depot  
  34  3:29  SCV  
  34  3:33  Viking  
  37  3:38  SCV  
  37  3:41  SCV  
  39  3:46  Stimpack  
  39  3:48  Hellion  
  41  3:49  Hellion  
  41  3:51  SCV  
  41  3:53  SCV  
  45  3:56  Supply Depot  
  45  4:04  SCV  
  46  4:10  SCV  
  46  4:16  SCV  
  48  4:19  Starport Reactor, Barracks x2  
  48  4:20  Factory Reactor  
  48  4:22  SCV  
  49  4:24  Engineering Bay  
  49  4:28  SCV  
  49  4:29  Engineering Bay  
  50  4:34  SCV  
  50  4:36  Marine  
  52  4:40  SCV  
  53  4:46  SCV  
  53  4:47  Refinery  
  53  4:52  SCV  
  55  4:53  Marine  
  55  4:54  Terran Infantry Weapons Level 1  
  55  4:55  Terran Infantry Armor Level 1  
  55  4:58  SCV  
  55  4:59  Supply Depot  
  57  5:04  SCV  
  57  5:05  Factory Tech Lab  
  57  5:06  Marine x2  
  60  5:10  SCV  
  60  5:11  Supply Depot, Marine  
  62  5:20  Marine x2  
  62  5:21  Supply Depot, SCV  
  65  5:22  SCV  
  65  5:27  Marine x2  
  68  5:29  Command Center  
  68  5:34  Refinery, Marine  
  69  5:36  Medivac  
  69  5:38  Medivac, Marine  
  69  5:42  Armory  
  74  5:47  Siege Tank  
  74  5:48  Marine  
  74  5:49  Marine  
  79  5:50  Marine  
  79  5:52  SCV  
  79  5:55  SCV  
  82  6:00  Supply Depot  
  82  6:04  Supply Depot, SCV  
  82  6:05  Marine x2  
  82  6:06  Marine  
  86  6:14  Combat Shields  
  86  6:22  Marine x3, SCV x2  
  86  6:23  Supply Depot  
  91  6:28  Siege Tank  
  91  6:29  Marine  
  95  6:34  SCV x2  
  95  6:39  Marine  
  97  6:41  Orbital Command  
  97  6:45  Medivac  
  97  6:46  Marine x3, SCV x2  
  89  6:54  Marine  
  89  6:57  Marine, Terran Infantry Weapons Level 2  
  89  7:00  Siege Tank  
  94  7:01  Barracks  
  94  7:04  Barracks  
  94  7:06  Orbital Command  
  94  7:08  Terran Infantry Armor Level 2  
  94  7:10  SCV  
  94  7:11  SCV  
  96  7:16  Marine x2  
  96  7:22  Medivac x2  
  96  7:25  SCV x2  
  104  7:33  Supply Depot  
  104  7:34  SCV  
  105  7:37  SCV x2  
  105  7:42  Marine x5  
  108  7:46  SCV  
  108  7:49  Supply Depot, SCV  
  110  7:52  Supply Depot, Siege Tank  
  110  7:53  Barracks Reactor x2  
  110  7:55  SCV  
  114  7:58  SCV  
  114  8:00  Supply Depot  
  114  8:01  SCV  
  114  8:03  Refinery  
  114  8:04  Refinery  
  116  8:07  SCV  
  116  8:10  Factory, Marine x2, SCV  
  120  8:15  Marine x3, SCV  
  120  8:16  Supply Depot  
  120  8:19  SCV  
  123  8:23  SCV  
  125  8:27  SCV  
  125  8:28  Marine x2  
  125  8:31  SCV  
  125  8:33  Marine x4  
  131  8:35  SCV  
  131  8:39  Siege Tank, SCV  
  135  8:43  SCV  
  135  8:44  Marine x2  
  135  8:45  Supply Depot  
  135  8:46  Command Center  
  135  8:47  SCV  
  139  8:50  Terran Vehicle Weapons Level 1  
  139  8:52  Supply Depot, Marine  
  139  9:06  SCV x3  
  119  9:10  Marine  
  119  9:11  Siege Tank  
  119  9:13  Marine  
  124  9:18  SCV x3  
  124  9:19  Factory Tech Lab  
  127  9:24  Supply Depot  
  127  9:26  Terran Infantry Armor Level 3  
  127  9:30  Terran Infantry Weapons Level 3, SCV x2  
  127  9:31  SCV  
  130  9:34  Marine, Marauder  
  130  9:35  Concussive Shells  
  133  9:39  Siege Tank  
  133  9:42  SCV  
  133  9:43  Marine x2, SCV x2  
  133  9:45  Marine  
  142  9:47  Supply Depot, Marine x2  
  142  9:48  Marine  
  143  10:02  Siege Tank  
  143  10:03  Marine x4  
  150  10:07  Barracks  
  150  10:08  Barracks x2  
  150  10:17  Medivac x2  
  150  10:19  Planetary Fortress, Siege Tank  
  156  10:26  Marine, Marauder  
  149  10:29  SCV x2  
  149  10:30  SCV  
  152  10:39  Supply Depot  
  152  10:41  Supply Depot, SCV x2  
  155  10:42  Marine, SCV  
  155  10:47  Medivac x2  
  155  10:48  Marauder  
  162  10:54  Siege Tank  
  162  10:56  Barracks Tech Lab x2  
  165  10:57  Refinery  
  165  10:58  Refinery, Barracks Tech Lab  
  165  10:59  Terran Vehicle Weapons Level 2  
  165  11:01  SCV x2  
  167  11:04  SCV x2  
  167  11:10  Siege Tank  
  167  11:14  Marine, Marauder  
  167  11:18  Supply Depot  
  170  11:21  SCV  
  170  11:24  Marauder  
  170  11:25  Marine, Marauder  
  154  11:26  SCV x2  
  154  11:28  Medivac x2  
  151  11:38  SCV  
  151  11:39  Marine x2, SCV  
  141  11:40  Marauder  
  141  11:43  Siege Tank  
  141  11:44  Marine, Marauder  
  145  11:55  SCV  
  145  11:57  Supply Depot x2  
  145  11:59  Refinery x2  
  145  12:00  Siege Tank  
  149  12:02  SCV  
  150  12:11  Marauder  
  150  12:12  Marine x2  
  150  12:13  Marauder  
  156  12:15  Siege Tank  
  156  12:19  Supply Depot, Marine  
  160  12:23  Supply Depot  
  160  12:24  Marine, Marauder  
  160  12:27  SCV x2  
  160  12:28  SCV  
  158  12:32  Marauder  
  158  12:35  SCV  
  158  12:36  Marine  
  160  12:39  SCV  
  160  12:40  SCV  
  160  12:51  Siege Tank  
  160  12:52  Marine x3, Marauder  
  160  12:55  Marine, Marauder  
  164  13:05  Marine, Siege Tank  
  141  13:06  Marauder  
  141  13:07  SCV  
  141  13:10  SCV x2  
  141  13:11  Marine x2, Marauder  
  132  13:15  Marine  
  132  13:19  Marine  
  123  13:20  Marine  
  123  13:21  Marine  
  123  13:22  Marauder  
  107  13:28  SCV  
  107  13:31  Siege Tank  
  111  13:34  Marine  
  111  13:35  Marauder  
  111  13:37  SCV  
  111  13:42  Medivac x2  
  111  13:46  Marine, Marauder  
  109  13:55  Command Center  
  107  14:04  Siege Tank x2  
  113  14:12  Marine  
  113  14:13  Supply Depot, Marauder  
  113  14:14  Supply Depot  
Tags
 
Add a new tag
Caveats
  • Supply blocks, unpowered buildings, or Contaminate may cause inaccurate times.
  • Supply counts are checked every 10 seconds.